 Dungeon Crawl Stone Soup version 0.17.0-28-g6e173f8 (webtiles) character file.

693 M4edhros the Covert (level 7, -5/48 HPs)
             Began as an Octopode Wanderer on Nov 25, 2015.
             Slain by an iguana (13 damage)
             ... on level 6 of the Dungeon.
             The game lasted 00:04:52 (2965 turns).

M4edhros the Covert (Octopode Wanderer)             Turns: 2965, Time: 00:04:52

Health: -5/48      AC:  1    Str:  8    XL:     7   Next: 64%
Magic:  7/7        EV: 12    Int: 14    God:
Gold:   125        SH:  0    Dex: 15    Spells: 0 memorised, 6 levels left

rFire  . . .     SeeInvis +     b - +2 blowgun
rCold  . . .     Clarity  .     (no shield)
rNeg   . . .     SustAt   .     (helmet restricted)
rPois  .         Gourm    .     (no amulet)
rElec  .         Spirit   .     t - -2 ring of strength (curse)
rCorr  .         Warding  .     p - ring of see invisible
rMut   .         Stasis   .     y - ring of stealth
MR     .....                    (no ring)
Stlth  ++++++....               (no ring)
                                (no ring)
                                (no ring)
                                (no ring)

@: not resistant to hostile enchantments, very stealthy
A: almost no armour, amphibious, 8 rings, constrict 8, camouflage 1, gelatinous
body 1
a: no special abilities


You were on level 6 of the Dungeon.
You were not hungry.

You visited 1 branch of the dungeon, and saw 7 of its levels.

You collected 125 gold pieces.

Inventory:

Hand Weapons
 b - a +2 blowgun (weapon)
 c - a +0 spear
 d - a +0 short sword
 n - a +0 hunting sling
Missiles
 a - 2 curare-tipped needles
 o - 5 poisoned needles (quivered)
 r - 35 stones
 u - a throwing net
 w - 24 sling bullets
Jewellery
 p - a ring of see invisible (right tentacle)
 t - a cursed -2 ring of strength (left tentacle)
 y - a ring of stealth (on tentacle)
Scrolls
 f - a scroll of amnesia
 g - a scroll of blinking
 i - a scroll of teleportation
Potions
 j - a potion of heal wounds
 s - a potion of degeneration
 x - a potion of magic
Comestibles
 e - 4 bread rations
 h - 4 fruits
 k - a meat ration
 q - a beef jerky


   Skills:
 - Level 4.0 Fighting
 - Level 1.0 Short Blades
 * Level 5.7 Slings
 - Level 1.0(3.6) Throwing
 - Level 2.0 Dodging
 + Level 8.1 Stealth
   Level 1.1 Evocations


You had 6 spell levels left.
You didn't know any spells.

Dungeon Overview and Level Annotations

Branches:
Dungeon (7/15)
 Temple: D:4-7

Altars:
Yredelemnul

Annotations:
D:6 M4edhros's ghost, novice OpWn


Innate Abilities, Weirdness & Mutations

You cannot wear most types of armour.
You are amphibious.
You can wear up to eight rings at the same time.
You can use your tentacles to constrict eight enemies at once.
Your skin changes colour to match your surroundings (Stealth).
Your rubbery body absorbs attacks (AC +1).


Message History

You constrict the iguana. The iguana closely misses you.
You hit the iguana.
The iguana is lightly wounded.
You constrict the iguana, but do no damage.
The iguana closely misses you.
You hit the iguana.
You squeeze the iguana, but do no damage.
The iguana is moderately wounded.
You constrict the iguana, but do no damage.
The iguana bites you!
* * * LOW HITPOINT WARNING * * *
The iguana barely misses you.
You release your grip on the iguana.
You see here a poisoned needle.
Wield which item (- for none, * to show all)? (? for menu, Esc to quit)
o - 5 poisoned needles (in tentacle) Wield which item (- for none, * to show all)? (? for menu, Esc to quit)
b - a +2 blowgun (weapon)
The iguana bites you!
You die...

#.. #.# #.# ... #
###.#########.# .#
#........)[##.###.
##
#.#.######.##.#..
.. #.#.# #.##.#.#
.# #.#.# #.##.#.#
.# #.#W#
#......####.##.#
#...#
####.).@l.<(.(.#
#..##
########.#### .g.#
.# ##g# .# #.# .#
##<# .. ...# .#
...## .# .....


You could see an iguana.

Vanquished Creatures
  2 ogres
  A giant frog (D:6)
  A water moccasin zombie (D:7)
  A crimson imp (D:6)
  2 orc priests
  A giant frog skeleton (D:4)
  An iguana (D:5)
  An orc wizard (D:5)
  4 worker ants
  Natasha (twice) (D:4)
  2 gnolls (D:6)
  4 adders
  2 oozes (D:4)
  An adder zombie (D:6)
  2 worms (D:2)
  10 orcs
  A bat (D:1)
  2 hobgoblins (D:1)
  4 jackals
  2 kobolds (D:1)
  A quokka (D:3)
  A giant cockroach (D:4)
  A giant newt (D:1)
  A goblin (D:2)
  A quokka skeleton (D:5)
  A rat (D:3)
52 creatures vanquished.

Notes
Turn   | Place    | Note
--------------------------------------------------------------
     0 | D:1      | M4edhros the Octopode Wanderer began the quest for the Orb.
     0 | D:1      | M4edhros set off with: 3 curare-tipped needles, a +2 blowgun, a +0 spear, a +0 short sword, a bread ration
     0 | D:1      | Reached XP level 1. HP: 17/17 MP: 1/1
   242 | D:1      | Reached XP level 2. HP: 22/22 MP: 2/2
   444 | D:2      | Reached XP level 3. HP: 27/27 MP: 3/3
   490 | D:3      | Reached skill level 5 in Stealth
   490 | D:3      | Reached XP level 4. HP: 25/33 MP: 4/4
   872 | D:4      | Reached skill level 1 in Slings
   961 | D:4      | Reached skill level 6 in Stealth
   961 | D:4      | Reached XP level 5. HP: 10/37 MP: 5/5
  1244 | D:4      | Noticed Natasha
  1257 | D:4      | Killed Natasha
  1499 | D:4      | Noticed Natasha
  1502 | D:4      | Killed Natasha
  1564 | D:5      | Entered Level 5 of the Dungeon
  1595 | D:5      | Found a basalt altar of Yredelemnul.
  1618 | D:5      | Reached XP level 6. HP: 23/43 MP: 6/6
  1806 | D:5      | HP: 2/43 [poisoned by a worker ant]
  1813 | D:5      | HP: 1/43 [poisoned by a worker ant]
  1951 | D:5      | Reached skill level 7 in Stealth
  2166 | D:6      | Noticed M4edhros's ghost (novice OpWn)
  2384 | D:7      | Reached XP level 7. HP: 24/48 MP: 7/7
  2647 | D:6      | Reached skill level 5 in Slings
  2937 | D:6      | Reached skill level 8 in Stealth
  2965 | D:6      | Slain by an iguana

Action                   |  1- 3 |  4- 6 |  7- 9 || total
-------------------------+-------+-------+-------++-------
Melee: Spear             |    47 |   101 |    46 ||   194
 Fire: Blowgun           |       |     5 |     9 ||    14
       Hunting sling     |       |     3 |       ||     3
  Use: Potion            |       |     5 |     1 ||     6
       Scroll            |       |       |     5 ||     5
 Stab: Sleeping          |     9 |    11 |       ||    20
  Eat: Chunk             |       |     2 |       ||     2
       Meat ration       |       |     1 |       ||     1
